 Dungeon Crawl Stone Soup version 0.18-a0-971-g0af6217 (webtiles) character file.

2756 rgaf the Quickloader (level 9, -5/81 HPs)
             Began as a Minotaur Hunter on Dec 30, 2015.
             Was a Priest of Okawaru.
             Slain by a wolf (8 damage)
             ... led by Grum
             ... on level 9 of the Dungeon on Jan 3, 2016.
             The game lasted 00:22:54 (9772 turns).

rgaf the Quickloader (Minotaur Hunter)              Turns: 9772, Time: 00:22:54

Health: -5/81      AC: 10    Str: 21    XL:     9   Next: 41%
Magic:  8/8        EV: 11    Int: 11    God:    Okawaru [***...]
Gold:   419        SH:  0    Dex: 12    Spells: 0 memorised, 8 levels left

rFire  . . .     SeeInvis .     a - +2 hand crossbow
rCold  . . .     Gourm    .     C - +0 ring mail (curse)
rNeg   . . .     Faith    .     (no shield)
rPois  .         Spirit   .     (helmet restricted)
rElec  .         Dismiss  +     r - +0 cloak
rCorr  .         Reflect  .     (no gloves)
SustAt .         Harm     .     q - +1 pair of boots
MR     .....                    d - amulet of dismissal
Stlth  +.........               (no ring)
                                (no ring)

@: mighty, not resistant to hostile enchantments, very unstealthy
A: retaliatory headbutt, horns 2
a: Heroism, Renounce Religion


You were on level 9 of the Dungeon.
You worshipped Okawaru.
Okawaru was most pleased with you.
You were very hungry.

You visited 1 branch of the dungeon, and saw 9 of its levels.

You collected 419 gold pieces.

Inventory:

Hand Weapons
 a - a +2 hand crossbow (weapon)
 b - a +0 great sword
 e - a +0 rapier
 x - a +0 short sword
Missiles
 y - 26 bolts (quivered)
Armour
 c - a +0 leather armour
 q - a +1 pair of boots (worn)
 r - a +0 cloak (worn)
 s - a +0 ring mail
 z - a +0 plate armour
 C - a cursed +0 ring mail (worn)
Jewellery
 d - an amulet of dismissal (around neck)
 v - a ring of the Octopus King {SustAt AC+1 EV+1 Str+1 Int+1 Dex+1, unknown}
   (You took it off an orc on level 6 of the Dungeon)

   [ring of sustain attributes]

   It sustains your strength, intelligence and dexterity.
   It affects your AC (+1).
   It affects your evasion (+1).
   It affects your strength (+1).
   It affects your intelligence (+1).
   It affects your dexterity (+1).
Wands
 k - a wand of heal wounds (0/9)
 w - a wand of flame (21/48)
Scrolls
 g - a scroll of enchant armour
 i - 6 scrolls of amnesia
 j - a scroll of recharging
 n - a scroll of enchant weapon
 p - 5 scrolls of identify
 t - a scroll of noise {unknown}
Potions
 f - a potion of berserk rage {unknown}
 l - 2 potions of flight {unknown}
 u - 2 potions of might
 A - a potion of mutation {unknown}
Books
 o - a book of Fire

   Spells                             Type                      Level
   a - Ignite Poison                  Fire/Transmutation/Poison    3
   b - Fireball                       Conjuration/Fire             5
   c - Bolt of Fire                   Conjuration/Fire             6
   d - Delayed Fireball               Conjuration/Fire             7
   e - Ring of Flames                 Charms/Fire                  7
Comestibles
 h - a slice of pizza
 m - 11 fruits
 B - 3 chunks of flesh


   Skills:
 + Level 7.8 Fighting
 * Level 3.0 Long Blades
 + Level 10.7 Crossbows
 + Level 7.4 Armour
 - Level 2.1 Dodging
 - Level 0.7 Stealth


You had 8 spell levels left.
You didn't know any spells.

Dungeon Overview and Level Annotations

Branches:
Dungeon (9/15)             Temple (0/1) D:5
   Lair: D:8-11         Orc: D:9-12

Altars:
Dithmenos
Gozag
Makhleb
Okawaru
Pakellas
Qazlal
Sif Muna
Xom
Yredelemnul
The Shining One

Shops:
D:3 }   D:5 =   D:6 =   D:7 (=(:

Annotations:
D:9 Grum


Innate Abilities, Weirdness & Mutations

You reflexively headbutt those who attack you in melee.
You have a pair of horns on your head.


Message History

The wolf is heavily wounded.
You hear a splash.
The wolf closely misses you. The wolf completely misses you.
Firing (i - inventory):
y - 28 bolts (quivered)
Press: ? - help, Shift-Dir - straight line, f/p - wolf
Aim: a wolf (heavily wounded)
You shoot a bolt. The bolt barely misses the wolf.
The wolf barely misses you. The wolf bites you but does no damage.
The wolf closely misses you.
The wolf splashes around in the water.
Firing (i - inventory):
y - 27 bolts (quivered)
Press: ? - help, Shift-Dir - straight line, f/p - wolf
Aim: a wolf (heavily wounded)
You shoot a bolt. The bolt hits the wolf.
The wolf is heavily wounded.
You hear a splash.
The wolf barely misses you. You furiously retaliate!
You headbutt the wolf. The wolf bites you.
* * * LOW HITPOINT WARNING * * *
The wolf bites you!
You die... #.# .... #.# .o.. #.# oo.

#.# (T#
########.####.#
#≈#∩#≈##.##.).#
#≈≈_≈≈##...o#
#≈≈.≈≈####..#
#.≈.h@# #..#
##.)h## #T.#
##)######o##
#....##..#
####Zh#.h#
##>.g.####
##h.....####
###.........#
#^..#.......#


You could see 2 wolves.

Vanquished Creatures
  A two-headed ogre (D:8)
  A hungry ghost (D:5)
  2 phantoms (D:5)
  5 ogres
  Blork the orc (D:4)
  4 scorpions
  5 killer bees (D:7)
  3 wights (D:7)
  6 crimson imps
  A quasit (D:7)
  3 orc wizards
  A centaur skeleton (D:4)
  3 hounds
  2 giant frog skeletons
  A jelly (D:8)
  5 orc priests
  A gnoll shaman (D:4)
  An iguana (D:8)
  3 worker ants
  A killer bee zombie (D:5)
  2 hound skeletons
  15 gnolls
  A worker ant zombie (D:5)
  12 adders
  A shadow imp (D:7)
  An ooze (D:7)
  2 adder skeletons
  8 worms
  4 giant geckos
  19 orcs
  4 bats
  5 giant cockroaches
  6 hobgoblins
  7 jackals
  2 quokkas
  A ball python (D:3)
  2 giant gecko skeletons
  2 giant newts
  12 goblins
  6 kobolds
  A quokka skeleton (D:4)
  9 rats
172 creatures vanquished.

Notes
Turn   | Place    | Note
--------------------------------------------------------------
     0 | D:1      | rgaf the Minotaur Hunter began the quest for the Orb.
     0 | D:1      | Reached XP level 1. HP: 18/18 MP: 0/0
   198 | D:1      | Reached XP level 2. HP: 25/25 MP: 1/1
   489 | D:1      | Found a glowing golden altar of the Shining One.
   786 | D:1      | Reached skill level 1 in Armour
  1095 | D:2      | Reached skill level 5 in Crossbows
  1152 | D:2      | Reached XP level 3. HP: 29/31 MP: 2/2
  1759 | D:2      | Reached XP level 4. HP: 34/38 MP: 3/3
  2306 | D:2      | Found a shadowy altar of Dithmenos.
  2730 | D:3      | Reached skill level 6 in Crossbows
  2730 | D:3      | Reached XP level 5. HP: 30/45 MP: 4/4
  2759 | D:3      | Found an oddly glowing altar of Pakellas.
  2759 | D:3      | Found Pakellas's Prime Provisions.
  2950 | D:3      | You fall through a shaft!
  3008 | D:4      | Found an iron altar of Okawaru.
  3061 | D:4      | Reached XP level 6. HP: 48/52 MP: 5/5
  3359 | D:4      | Became a worshipper of Warmaster Okawaru
  3360 | D:4      | Upgraded the game from 0.18-a0-952-g309898a to 0.18-a0-971-g0af6217
  3703 | D:4      | Reached skill level 7 in Crossbows
  4023 | D:4      | Reached * piety under Okawaru
  4023 | D:4      | Reached XP level 7. HP: 15/60 MP: 6/6
  4136 | D:4      | Noticed Blork the orc
  4145 | D:4      | Killed Blork the orc
  4246 | D:5      | Entered Level 5 of the Dungeon
  4265 | D:5      | Reached skill level 5 in Fighting
  4464 | D:5      | Noticed a hungry ghost
  4548 | D:5      | Killed a hungry ghost
  4548 | D:5      | Reached skill level 8 in Crossbows
  4551 | D:5      | Reached skill level 5 in Armour
  4869 | D:5      | Found Hetazih's Jewellery Emporium.
  4876 | D:5      | Found a shimmering altar of Xom.
  4914 | D:5      | Reached XP level 8. HP: 70/70 MP: 7/7
  5028 | D:5      | Reached ** piety under Okawaru
  5127 | D:5      | Reached skill level 9 in Crossbows
  5328 | D:5      | Found a staircase to the Ecumenical Temple.
  5972 | D:6      | Found Veluthry's Jewellery Shop.
  6127 | D:6      | Got a ring of the Octopus King
  7464 | D:7      | Found Doiducun's Book Shoppe.
  7476 | D:7      | Found a stormy altar of Qazlal.
  7476 | D:7      | Found an opulent altar of Gozag.
  7476 | D:7      | Found a basalt altar of Yredelemnul.
  7494 | D:7      | Reached skill level 10 in Crossbows
  7642 | D:7      | Reached XP level 9. HP: 27/79 MP: 8/8
  8005 | D:7      | Found Nigemnasm's Jewellery Boutique.
  8074 | D:7      | Found Ucro's Antique Weapon Shop.
  8343 | D:7      | Found Nauqua's Weapon Shoppe.
  8914 | D:8      | Reached skill level 1 in Long Blades
  9062 | D:8      | Found a deep blue altar of Sif Muna.
  9643 | D:8      | Reached *** piety under Okawaru
  9664 | D:9      | Found a burning altar of Makhleb.
  9718 | D:9      | Noticed a troll
  9763 | D:9      | Noticed Grum
  9772 | D:9      | HP: 3/81 [wolf[Grum] (4)]
  9772 | D:9      | Slain by a wolf

Vault maps used:
D:1:      elethiomel_arrival_infinity_welcomes_careful_drivers, tso_altar
D:2:      forest_paths, nicolae_overflow_crystal_walls
D:3:      first_bread, johnstein_pakellas_shop
D:4:      okawaru_metal_pillars_3, uniq_blork_the_orc
D:5:      nicolae_overflow_hidden_temple, minmay_temple_entry_nine_rooms,
          serial_shops, shop
D:6:      serial_shops, shop
D:7:      gammafunk_temple_overflow_forgotten, serial_shops, shop,
          kennysheep_mini_moat, kennysheep_little_box, shop
D:8:      lemuel_doored_altar
D:9:      lemuel_round_altar, makhleb_grotto_becter, uniq_grum

Action                   |  1- 3 |  4- 6 |  7- 9 || total
-------------------------+-------+-------+-------++-------
Melee: Short sword       |   109 |   106 |       ||   215
       Rapier            |       |    46 |   244 ||   290
       Great sword       |       |       |    65 ||    65
 Fire: Hand crossbow     |     4 |    49 |   136 ||   189
  Use: Scroll            |       |    12 |     3 ||    15
       Potion            |       |       |     9 ||     9
  Eat: Chunk             |     3 |     4 |     8 ||    15
       Fruit             |       |     1 |     6 ||     7
       Beef jerky        |       |     1 |     1 ||     2
       Bread ration      |       |       |     3 ||     3
       Royal jelly       |       |       |     1 ||     1
